 Dungeon Crawl Stone Soup version 0.26-a0-812-g31a745ddcd (webtiles) character file.

Game seed: 5354341607925073783

2377 loralnil the Insei (level 9, -10/81 HPs)
             Began as a Gnoll Transmuter on Nov 30, 2020.
             Mangled by an orc warrior
             ... wielding a +0 battleaxe
              (20 damage)
             ... on level 7 of the Dungeon.
             The game lasted 00:08:01 (5852 turns).

loralnil the Insei (Gnoll Transmuter)               Turns: 5852, Time: 00:08:02

Health: -10/81     AC:  6    Str: 15    XL:     9   Next: 45%
Magic:  16/19      EV: 14    Int: 16    God:
Gold:   252        SH:  0    Dex: 16    Spells: 11/21 levels left

rFire    x . .     SeeInvis .     - Unarmed
rCold    + + +     Faith    .   (shield currently unavailable)
rNeg     . . .     Spirit   .   (armour currently unavailable)
rPois    +         Reflect  .   (helmet currently unavailable)
rElec    .         Harm     .   (cloak currently unavailable)
rCorr    .         Rampage  .   (gloves currently unavailable)
MR       .....                  (boots currently unavailable)
Stlth    +++.......             (no amulet)
HPRegen  0.23/turn              (no ring)
MPRegen  0.16/turn              (no ring)

@: ice-form, marked
A: large, distributed training, strong nose
a: End Transformation


You were on level 7 of the Dungeon.
You were a creature of crystalline ice.
You visited 1 branch of the dungeon, and saw 7 of its levels.

You collected 310 gold pieces.
You spent 58 gold pieces at shops.

Inventory:

Hand Weapons
 r - the +8 spear of Wyrd (melded) {vamp, rElec rF- Dex+3}
   (You found it on level 4 of the Dungeon)

   It inflicts no extra harm, but heals its wielder when it wounds a living foe.
   It affects your dexterity (+3).
   It makes you vulnerable to fire.
   It insulates you from electricity.
Armour
 f - a +1 leather armour of cold resistance (melded)
 j - a +0 helmet (melded)
 k - a +0 cloak (melded)
Wands
 h - a wand of digging (9)
 n - a wand of paralysis (10)
Scrolls
 b - a scroll of remove curse {unknown}
 c - a scroll of immolation {unknown}
 d - a scroll of enchant armour {unknown}
 i - a scroll of enchant weapon {unknown}
 p - a scroll of magic mapping {unknown}
 s - 3 scrolls of fog
 t - a scroll of random uselessness {unknown}
 w - a scroll of fear {unknown}
 x - a scroll of teleportation {unknown}
 y - a scroll of silence {unknown}
 z - a scroll of amnesia {unknown}
Potions
 a - a potion of ambrosia
 e - 2 potions of haste
 g - a potion of lignification
 l - a potion of might
 o - 2 potions of attraction
 q - a potion of curing
 u - a potion of invisibility
 v - a potion of brilliance
 A - a potion of magic


   Skills:
 + Level 5.0 Fighting
 + Level 4.2 Short Blades
 + Level 4.2 Long Blades
 + Level 4.2 Axes
 + Level 4.2 Maces & Flails
 + Level 4.2 Polearms
 + Level 4.2 Staves
 + Level 4.2 Slings
 + Level 4.2 Bows
 + Level 4.2 Crossbows
 + Level 4.2 Throwing
 + Level 4.2 Armour
 + Level 6.3 Dodging
 + Level 4.2 Stealth
 + Level 4.2 Shields
 + Level 7.9 Unarmed Combat
 + Level 6.6 Spellcasting
 + Level 3.5 Conjurations
 + Level 3.5 Hexes
 + Level 3.5 Summonings
 + Level 3.5 Necromancy
 + Level 3.5 Translocations
 + Level 5.2 Transmutations
 + Level 3.5 Fire Magic
 + Level 3.5 Ice Magic
 + Level 3.5 Air Magic
 + Level 3.5 Earth Magic
 + Level 3.5 Poison Magic
 + Level 4.7 Invocations
 + Level 4.2 Evocations


You had 11 spell levels left.
You knew the following spells:

 Your Spells              Type           Power        Failure   Level
a - Beastly Appendage     Tmut           ###...       1%          1
b - Wereblood             Tmut           ###.....     2%          2
c - Spider Form           Tmut/Pois      ###.......   6%          3
d - Ice Form              Ice/Tmut       ###.....     22%         4

Your spell library contained the following spells:

 Spells                   Type           Power        Failure   Level
 Magic Dart               Conj           ###.         3%          1
 Blink                    Tloc           N/A          4%          2
 Call Imp                 Summ           ###.....     4%          2
 Slow                     Hex            ###.....     4%          2
 Conjure Flame            Conj/Fire      ###.....     9%          3
 Mephitic Cloud           Conj/Pois/Air  ###.....     9%          3
 Blade Hands              Tmut           ###.......   38%         5


Dungeon Overview and Level Annotations

Branches:
Dungeon (7/15)
 Temple: D:4-7

Altars:
Fedhas
Hepliaklqana
Xom

Shops:
D:5 *


Innate Abilities, Weirdness & Mutations

Your experience applies equally to all skills.
((You have very sharp teeth.))
Your uncanny sense of smell can sniff out nearby items.


Message History

an arrow; a hornet corpse You barely miss the bullfrog.
You feel yourself speed up. The bullfrog hits you.
The centaur shoots an arrow.
The arrow hits you. The bullfrog hits you.
* * * LOW HITPOINT WARNING * * *
The orc closely misses you.
The centaur shoots an arrow.
The arrow closely misses you.
You barely miss the bullfrog. The bullfrog hits you.
* * * LOW HITPOINT WARNING * * *
The orc warrior hits you with a +0 battleaxe!
* * * LOW HITPOINT WARNING * * *
The centaur shoots an arrow.
The arrow misses you. The orc barely misses you.
The orc hits you but does no damage.
You punch the bullfrog!
The bullfrog seems to slow down.
You freeze the bullfrog.
The bullfrog is heavily wounded.
The bullfrog hits you but does no damage.
The orc warrior hits you with a +0 battleaxe!!
You die...

...#..........#.....
∆
.(.#..........#....
...#..........#.c.
#..####.###'####'#
#..####.###..###.###
......#..#.........#
......#..#.........#
.##..### ####.##..##
.##..# #.##Yo#
..+.... ......oFo#∆
..#..... .$.....o.#
..# .... .........#
..# .........# ..#
.........# .##
####..##.# ## #.. .#


You could see an orc warrior, a bullfrog (slow), a centaur and 3 orcs.

Vanquished Creatures
  A hornet (D:7)
  Sigmund (D:2)
  An ice beast (D:5)
  2 phantoms (D:6)
  A black bear (D:5)
  A centaur (D:7)
  4 ogres
  A bullfrog (D:6)
  A scorpion (D:5)
  6 killer bees (D:7)
  A howler monkey (D:5)
  A jelly (D:7)
  A centaur zombie (D:5)
  2 orc priests (D:6)
  Crazy Yiuf (D:3)
  4 hounds
  Jessica (D:2)
  2 bullfrog skeletons
  An iguana (D:6)
  5 worker ants
  A killer bee zombie (D:6)
  12 adders
  9 gnolls
  2 shadow imps (D:6)
  2 white imps
  2 adder zombies (D:5)
  2 dart slugs
  6 leopard geckos
  5 orcs
  3 ball pythons
  10 bats
  A giant cockroach (D:6)
  13 goblins
  5 hobgoblins
  11 jackals
  3 kobolds
  2 quokkas
  3 frilled lizards
  A jackal skeleton (D:7)
  7 rats
138 creatures vanquished.

Vanquished Creatures (others)
  7 fungi (D:5)
7 creatures vanquished.

Grand Total: 145 creatures vanquished

Notes
Turn   | Place    | Note
-------+----------+-------------------------------------------
     0 | D:1      | loralnil the Gnoll Transmuter began the quest for the Orb.
     0 | D:1      | Reached XP level 1. HP: 17/17 MP: 6/6
   186 | D:1      | Reached XP level 2. HP: 19/23 MP: 5/7
   508 | D:1      | Learned a level 2 spell: Wereblood
   636 | D:1      | Reached XP level 3. HP: 28/28 MP: 9/9
   640 | D:1      | Reached skill level 5 in Spellcasting
   696 | D:1      | Learned a level 3 spell: Spider Form
   819 | D:1      | Reached skill level 1 in Invocations
  1156 | D:2      | Reached skill level 1 in Short Blades
  1156 | D:2      | Reached skill level 1 in Long Blades
  1156 | D:2      | Reached skill level 1 in Axes
  1156 | D:2      | Reached skill level 1 in Maces & Flails
  1156 | D:2      | Reached skill level 1 in Polearms
  1156 | D:2      | Reached skill level 1 in Staves
  1156 | D:2      | Reached skill level 1 in Slings
  1156 | D:2      | Reached skill level 1 in Bows
  1156 | D:2      | Reached skill level 1 in Crossbows
  1156 | D:2      | Reached skill level 1 in Throwing
  1156 | D:2      | Reached skill level 1 in Armour
  1156 | D:2      | Reached skill level 1 in Stealth
  1156 | D:2      | Reached skill level 1 in Shields
  1156 | D:2      | Reached skill level 1 in Evocations
  1194 | D:2      | Reached XP level 4. HP: 34/34 MP: 9/11
  1256 | D:2      | Noticed Sigmund
  1261 | D:2      | Noticed Jessica
  1264 | D:2      | Reached skill level 1 in Conjurations
  1264 | D:2      | Reached skill level 1 in Hexes
  1264 | D:2      | Reached skill level 1 in Summonings
  1264 | D:2      | Reached skill level 1 in Necromancy
  1264 | D:2      | Reached skill level 1 in Translocations
  1264 | D:2      | Reached skill level 1 in Fire Magic
  1264 | D:2      | Reached skill level 1 in Ice Magic
  1264 | D:2      | Reached skill level 1 in Air Magic
  1264 | D:2      | Reached skill level 1 in Earth Magic
  1264 | D:2      | Reached skill level 1 in Poison Magic
  1579 | D:2      | Killed Sigmund
  1579 | D:2      | Reached XP level 5. HP: 37/41 MP: 9/12
  1579 | D:2      | Reached XP level 6. HP: 42/47 MP: 9/13
  1582 | D:2      | Killed Jessica
  1702 | D:2      | Reached skill level 5 in Dodging
  2582 | D:3      | Found a runed translucent door.
  2583 | D:3      | Noticed Crazy Yiuf
  2997 | D:3      | Killed Crazy Yiuf
  3086 | D:4      | Reached XP level 7. HP: 51/52 MP: 13/15
  3203 | D:4      | Learned a level 4 spell: Ice Form
  3293 | D:4      | Got an iridescent spear
  3294 | D:4      | Identified the +8 spear of Wyrd {vamp, rElec rF- Dex+3}
                  | (You found it on level 4 of the Dungeon)
  3446 | D:4      | Reached skill level 7 in Unarmed Combat
  3748 | D:5      | Entered Level 5 of the Dungeon
  3816 | D:5      | Found a hazy altar of Hepliaklqana.
  3817 | D:5      | Found a shimmering altar of Xom.
  3818 | D:5      | Noticed a spectral ugly thing
  4005 | D:5      | Reached XP level 8. HP: 60/60 MP: 16/16
  4135 | D:5      | Found Xuotest's Assorted Antiques.
  4153 | D:5      | Bought a scroll of identify for 58 gold pieces
  4227 | D:5      | Found a blossoming altar of Fedhas.
  4244 | D:5      | Found a shimmering altar of Xom.
  5306 | D:6      | Reached skill level 5 in Transmutations
  5306 | D:6      | Reached XP level 9. HP: 64/66 MP: 18/18
  5841 | D:7      | Noticed a hornet
  5848 | D:7      | Killed a hornet
  5848 | D:7      | Reached skill level 5 in Fighting
  5852 | D:7      | Mangled by an orc warrior

Illustrated notes

Levels and vault maps discovered:
D:1:      nagdon_arrival_double_spiral, layout_loops_ring
D:2:      layout_basic, uniq_sigmund, uniq_jessica
D:3:      layout_loops_ring, uniq_crazy_yiuf_cottage
D:4:      layout_basic, nicolae_overflow_hidden_temple, feat_on_display
D:5:      layout_basic, regret_index_temple_of_mockery, fedhas_altar_3,
          serial_shops, nicolae_shop_overgrown_old_shop, basic_altar,
          hangedman_decor_diamond_cutter
D:6:      layout_loops_corners
D:7:      layout_gridville, minmay_temple_entry_offerings, enter_ossuary_3,
          uniq_pikel

Skill      XL: |  1  2  3  4  5  6  7  8  9 |
---------------+----------------------------+-----
Spellcasting   | 5 6 |  6.6
Invocations    | 1 2 3 4 |  4.7
Short Blades   | 1 2 3 4 |  4.2
Long Blades    | 1 2 3 4 |  4.2
Axes           | 1 2 3 4 |  4.2
Maces & Flails | 1 2 3 4 |  4.2
Polearms       | 1 2 3 4 |  4.2
Staves         | 1 2 3 4 |  4.2
Slings         | 1 2 3 4 |  4.2
Bows           | 1 2 3 4 |  4.2
Crossbows      | 1 2 3 4 |  4.2
Throwing       | 1 2 3 4 |  4.2
Armour         | 1 2 3 4 |  4.2
Stealth        | 1 2 3 4 |  4.2
Shields        | 1 2 3 4 |  4.2
Evocations     | 1 2 3 4 |  4.2
Conjurations   | 1 2 3 |  3.5
Hexes          | 1 2 3 |  3.5
Summonings     | 1 2 3 |  3.5
Necromancy     | 1 2 3 |  3.5
Translocations | 1 2 3 |  3.5
Fire Magic     | 1 2 3 |  3.5
Ice Magic      | 1 2 3 |  3.5
Air Magic      | 1 2 3 |  3.5
Earth Magic    | 1 2 3 |  3.5
Poison Magic   | 1 2 3 |  3.5
Fighting       | 3 4 5 |  5.0
Transmutations | 4 5 |  5.2
Dodging        | 5 6 |  6.3
Unarmed Combat | 7 |  7.9

Action                   |  1- 3 |  4- 6 |  7- 9 || total
-------------------------+-------+-------+-------++-------
Melee: Unarmed           |    60 |    94 |    50 ||   204
       Kick              |    13 |    20 |     1 ||    34
       Headbutt          |     5 |    15 |       ||    20
       Bite              |     4 |     6 |    24 ||    34
       Punch             |     1 |     1 |     7 ||     9
       Spear             |       |       |   207 ||   207
 Cast: Beastly Appendage |    23 |    26 |     1 ||    50
       Spider Form       |       |     2 |     2 ||     4
       Wereblood         |       |       |     1 ||     1
       Ice Form          |       |       |     2 ||     2
  Use: Scroll            |       |       |    11 ||    11
       Potion            |       |       |     2 ||     2
 Stab: Sleeping          |     1 |     2 |     4 ||     7
Armor: Robe              |    12 |       |       ||    12
       Leather armour    |     1 |    14 |    33 ||    48
       Skin              |       |       |    15 ||    15
Dodge: Dodged            |    42 |    71 |   207 ||   320

Table legend: (Time is in decaauts)
 A = Elapsed time spent in this place.
 B = Non-inter-level travel time spent in this place.
 C = Inter-level travel time spent in this place.
 D = Time resting spent in this place.
 E = Time spent auto-exploring this place.
 F = Levels seen in this place.
 G = Mean time per level.
                   A        B        C        D        E       F      G
               +--------+--------+--------+--------+--------+-----+--------+
         Total |   5816 |   5624 |    192 |    300 |   4273 |   7 |  830.9 |
       Dungeon |   5816 |   5624 |    192 |    300 |   4273 |   7 |  830.9 |
               +--------+--------+--------+--------+--------+-----+--------+

Top non-repeatable levels by time:
     D:3: 1309 daAuts
     D:6: 1058 daAuts
     D:1: 1035 daAuts
     D:5: 748 daAuts
     D:4: 701 daAuts
     D:2: 683 daAuts
     D:7: 280 daAuts
